Map: Cerulean Fall LE

Players

KeeN

  • Race: Terran Terran
  • League: Grandmaster
  • Spawn Location: 1:00

NORTHAMERICA - Winner!

  • Race: Protoss Protoss
  • League: Grandmaster
  • Spawn Location: 7:00

VOD

Have the link to the VOD?

Description

Time

  • Played on: Jan. 1, 2019, 12:33 a.m.
  • Length: 16:23
Show
View Real Time Build Order
Export as new Build Order

KeeN Terran 

Build Orders: Reaper Expand 

Get SALT Encoding   

  12  0:00  SCV  
  13  0:12  SCV  
  14  0:17  Supply Depot  
  14  0:24  SCV  
  15  0:39  SCV, Barracks  
  16  0:44  Refinery  
  16  0:51  SCV  
  17  1:03  SCV  
  18  1:15  SCV  
  19  1:28  Orbital Command  
  19  1:29  Reaper  
  20  1:42  Command Center  
  20  1:53  SCV  
  21  1:56  Barracks  
  21  2:02  Barracks Tech Lab  
  21  2:06  SCV  
  22  2:09  Supply Depot  
  22  2:18  SCV  
  22  2:21  Concussive Shells  
  23  2:31  SCV, Marauder  
  23  2:32  Barracks  
  26  2:43  SCV  
  27  2:46  Barracks Reactor  
  27  2:55  Orbital Command  
  27  2:57  SCV, Marauder  
  30  3:09  SCV  
  30  3:12  Stimpack  
  30  3:21  SCV, Marauder  
  30  3:22  SCV  
  30  3:24  Marine x2  
  30  3:25  Supply Depot  
  36  3:28  Barracks Tech Lab  
  36  3:33  SCV  
  37  3:34  SCV  
  38  3:41  Refinery  
  38  3:42  Marine x3  
  38  3:45  SCV  
  38  3:47  SCV  
  43  3:49  Refinery  
  43  3:52  Marine  
  44  3:57  SCV, Supply Depot  
  44  3:59  SCV  
  46  4:04  Combat Shield, Engineering Bay  
  46  4:09  SCV, Marine  
  47  4:10  Marine  
  47  4:11  SCV  
  47  4:14  Marine x2  
  52  4:21  SCV  
  52  4:22  Factory  
  52  4:23  SCV  
  54  4:26  Supply Depot  
  53  4:31  Marine x2  
  53  4:35  SCV x2  
  56  4:47  SCV x2  
  56  4:52  Marauder x2, Marine x2  
  60  4:56  Terran Infantry Weapons Level 1  
  60  4:59  SCV x2, Bunker  
  60  5:02  Refinery  
  60  5:06  Factory Reactor  
  60  5:07  Starport  
  60  5:10  Marine x2  
  62  5:14  Marauder  
  62  5:15  Marauder  
  62  5:18  SCV x2  
  68  5:31  Marine x2  
  70  5:36  Supply Depot  
  70  5:40  Supply Depot  
  70  5:41  Marauder x2  
  74  5:45  SCV x2  
  74  5:46  Barracks  
  75  5:54  Marine x2  
  75  5:56  Viking  
  77  5:58  Starport  
  77  6:01  SCV  
  77  6:02  SCV, Marauder  
  77  6:03  Factory Reactor  
  80  6:10  Marauder  
  80  6:11  Missile Turret, Viking  
  82  6:18  Marine x2  
  85  6:24  Supply Depot x2  
  86  6:28  Viking  
  86  6:32  Supply Depot  
  88  6:37  Marauder x2  
  88  6:38  Marine  
  88  6:39  Marine  
  94  6:51  Medivac x2  
  94  6:52  Medivac  
  100  6:54  Terran Infantry Armor Level 1  
  100  6:59  Marauder x2  
  97  7:03  Marine x2  
  97  7:06  Supply Depot  
  99  7:10  Barracks Tech Lab  
  99  7:13  Viking  
  101  7:18  Supply Depot  
  101  7:20  Marauder  
  101  7:22  Marauder  
  105  7:31  Marauder  
  105  7:32  Command Center  
  107  7:39  Armory  
  107  7:40  Medivac x2, Engineering Bay  
  111  7:45  Marauder x2, Marine  
  111  7:47  Marine  
  117  7:57  Viking x2  
  121  8:01  Supply Depot  
  121  8:08  Marauder x2  
  105  8:30  Marauder x2, Marine  
  105  8:31  Terran Infantry Weapons Level 2  
  105  8:34  SCV x2  
  106  8:38  Marauder, Marine  
  109  8:42  Liberator  
  109  8:43  Terran Ship Weapons Level 1  
  109  8:46  SCV  
  109  8:48  SCV  
  111  8:52  Viking x2  
  111  8:54  Viking  
  117  8:58  SCV  
  121  9:03  Orbital Command  
  121  9:05  SCV  
  121  9:09  Terran Infantry Armor Level 2  
  122  9:14  Marauder  
  118  9:17  SCV x2  
  116  9:24  Liberator  
  116  9:29  SCV  
  116  9:30  SCV x2  
  114  9:41  SCV  
  109  9:47  Marauder x2  
  109  9:48  SCV x2  
  107  9:54  Marauder, Marine x2  
  107  9:56  Refinery x2  
  107  9:59  Liberator  
  111  10:02  Barracks  
  112  10:07  SCV x3  
  112  10:08  Marine  
  112  10:09  Marauder, Liberator  
  112  10:10  Supply Depot x2  
  112  10:12  Marine, Supply Depot  
  118  10:20  SCV x3, Missile Turret, Liberator  
  124  10:26  Marine  
  124  10:27  Liberator  
  128  10:29  Marine  
  128  10:33  Marine x3  
  135  10:43  Marine  
  135  10:46  Liberator  
  135  10:47  SCV x2, Marine  
  142  10:51  Supply Depot  
  142  10:52  Supply Depot  
  142  10:55  Ghost Academy  
  142  10:57  SCV  
  143  10:59  SCV  
  143  11:00  Barracks Tech Lab  
  143  11:02  Barracks Reactor  
  134  11:16  Liberator  
  117  11:21  Marauder x2, Marine  
  117  11:22  Marauder, Marine  
  89  11:42  Marine x2  
  89  11:43  Marauder  
  74  11:47  Marine, Liberator  
  74  11:48  Orbital Command  
  69  12:24  Marauder x3, Marine  
  69  12:25  Marine x2  
  69  12:26  Marine  
  69  12:28  SCV, Liberator  
  80  12:30  SCV x2  
  82  12:40  SCV  
  82  12:41  Liberator x2  
  82  12:42  SCV  
  87  12:52  SCV  
  87  12:54  SCV  
  70  13:26  Marine x2  
  41  13:55  Orbital Command  
Show
View Real Time Build Order
Export as new Build Order

NORTHAMERICA Protoss - Winner!

Build Orders: 1 Gate Expand, Colossus Rush 

Get SALT Encoding   

  12  0:01  Probe  
  13  0:14  Probe  
  14  0:20  Pylon  
  14  0:26  Probe  
  15  0:35  Probe  
  15  0:39  Gateway  
  16  0:43  Probe  
  16  0:49  Assimilator  
  17  0:52  Probe  
  18  1:04  Probe  
  19  1:16  Probe  
  20  1:26  Nexus  
  20  1:36  Cybernetics Core  
  20  1:38  Probe  
  21  1:45  Assimilator  
  21  1:50  Probe  
  21  1:53  Pylon  
  22  2:02  Probe  
  22  2:04  Adept  
  23  2:14  Probe  
  26  2:24  Robotics Facility  
  26  2:26  Probe  
  26  2:28  Stalker, Warp Gate  
  28  2:46  Probe  
  28  2:47  Probe  
  30  2:58  Probe  
  31  3:00  Probe  
  32  3:10  Probe  
  33  3:17  Robotics Bay  
  33  3:18  Probe  
  33  3:21  Probe  
  33  3:25  Warp Prism  
  33  3:26  Probe  
  37  3:33  Probe  
  39  3:36  Probe  
  39  3:38  Pylon  
  40  3:45  Probe  
  40  3:46  Colossus  
  41  3:49  Probe  
  42  3:56  Shield Battery  
  42  3:57  Probe  
  42  4:01  Probe  
  44  4:04  Gravitic Drive  
  51  4:10  Probe  
  51  4:13  Pylon  
  51  4:14  Probe  
  52  4:25  Gateway  
  52  4:26  Gateway  
  52  4:32  Stalker  
  54  4:40  Colossus  
  59  4:57  Probe  
  59  4:59  Assimilator  
  60  5:00  Assimilator  
  60  5:02  Probe  
  60  5:05  Forge, Extended Thermal Lance  
  61  5:08  Pylon  
  61  5:09  Probe, Pylon  
  62  5:17  Pylon  
  62  5:26  Probe x2  
  64  5:31  Gateway  
  64  5:32  Gateway  
  64  5:33  Sentry  
  66  5:38  Probe x2  
  68  5:45  Disruptor  
  68  5:50  Probe x2  
  73  6:00  Protoss Ground Weapons Level 1  
  73  6:03  Probe x2  
  75  6:08  Pylon  
  75  6:11  Shield Battery  
  75  6:13  Nexus  
  75  6:14  Pylon, Disruptor  
  75  6:20  Twilight Council  
  78  6:27  Probe  
  78  6:30  Zealot x2  
  83  6:34  Zealot x2  
  83  6:38  Probe  
  88  6:42  Stalker  
  88  6:44  Probe, Disruptor  
  91  6:47  Shield Battery  
  91  6:50  Probe  
  91  6:52  Blink, Stalker  
  97  7:02  Shield Battery  
  97  7:03  Adept x2  
  97  7:08  Probe  
  102  7:09  Shield Battery  
  102  7:14  Pylon  
  102  7:19  Gateway  
  102  7:20  Disruptor  
  102  7:24  Probe  
  106  7:33  Probe  
  106  7:34  Probe  
  108  7:37  Adept  
  108  7:40  Protoss Ground Armor Level 1, Stalker x2  
  108  7:41  Stalker  
  114  7:45  Probe  
  114  7:49  Pylon  
  115  7:54  Disruptor, Shield Battery  
  115  7:55  Adept  
  120  8:02  Pylon  
  120  8:03  Probe  
  120  8:04  Pylon  
  121  8:06  Assimilator  
  121  8:09  Adept x2  
  121  8:10  Adept  
  125  8:22  Disruptor  
  125  8:27  Adept x3  
  121  8:33  Probe  
  127  8:39  Shield Battery x2  
  127  8:40  Adept  
  127  8:41  Adept x2  
  133  8:42  Probe  
  134  8:49  Adept, Shield Battery  
  134  8:50  Adept  
  134  8:53  Resonating Glaives  
  134  8:54  Stalker  
  140  9:01  Stalker  
  140  9:02  Stalker x2  
  146  9:06  Probe  
  147  9:10  Assimilator  
  147  9:14  Adept  
  149  9:23  Disruptor  
  148  9:27  Pylon  
  141  9:35  Adept x2  
  133  9:54  Protoss Ground Armor Level 2  
  133  9:55  Pylon, Disruptor  
  133  9:56  Pylon, Cybernetics Core  
  133  9:58  Pylon  
  136  10:03  Gateway  
  136  10:04  Pylon  
  136  10:08  Probe  
  136  10:11  Photon Cannon  
  136  10:12  Photon Cannon  
  137  10:16  Photon Cannon  
  137  10:17  Photon Cannon  
  137  10:19  Dark Shrine  
  137  10:32  Disruptor  
  137  10:33  Stalker x4  
  137  10:34  Stalker x2  
  149  10:36  Pylon  
  149  10:42  Robotics Facility  
  152  10:44  Shield Battery  
  152  10:50  Nexus  
  152  11:04  Disruptor  
  150  11:22  Stalker x4  
  150  11:23  Stalker x2  
  154  11:31  Disruptor  
  143  11:40  Disruptor  
  132  11:48  Probe  
  132  11:49  Adept x2  
  132  11:50  Adept x5  
  129  12:12  Stalker x2  
  129  12:13  Stalker x5  
  143  12:24  Nexus  
  143  12:26  Pylon  
  143  12:40  Stalker x4  
  143  12:42  Dark Templar  
  158  12:49  Nexus  
  158  12:51  Dark Templar x2  
  162  12:52  Pylon  
  162  12:55  Probe  
  153  13:04  Stalker  
  124  13:25  Gateway  
  121  13:27  Gateway  
  100  13:51  Dark Templar  
  102  13:56  Nexus  
  102  13:59  Pylon  
  87  14:51  Dark Templar x2  
  91  14:56  Dark Templar  
  93  15:00  Assimilator  
  93  15:26  Stargate  
  93  15:30  Stalker x3  
  99  15:51  Stargate  
  99  15:53  Assimilator  
  103  16:17  Pylon  
Tags
 
Add a new tag
Caveats
  • Supply blocks, unpowered buildings, or Contaminate may cause inaccurate times.
  • Supply counts are checked every 10 seconds.